 Dungeon Crawl Stone Soup version 0.29.1-1-gd02db6906a (webtiles) character file.

Game seed: 12472231921655026992

35 lonewolfV2 the Shield-Bearer (level 3, -1/33 HPs)
             Began as a Minotaur Fighter on Oct 16, 2022.
             Slain by Sigmund
             ... wielding a +0 scythe
              (2 damage)
             ... on level 2 of the Dungeon on Oct 17, 2022.
             The game lasted 00:04:25 (1094 turns).

lonewolfV2 the Shield-Bearer (Minotaur Fighter)     Turns: 1094, Time: 00:04:26

Health: -1/33      AC:  9    Str: 22    XL:     3   Next: 17%
Magic:  2/2        EV:  7    Int:  5    God:
Gold:   63         SH:  0    Dex:  9    Spells: 2/2 levels left

rFire   . . .      SeeInvis .   a - +0 long sword
rCold   . . .      Faith    .   c - +0 buckler
rNeg    . . .      Spirit   .   j - +0 chain mail
rPois   .          Reflect  .   (helmet restricted)
rElec   .          Harm     .   (no cloak)
rCorr   .          Rampage  .   (no gloves)
Will    .....                   (no boots)
Stlth   ..........              (no amulet)
HPRegen 0.11/turn               (no ring)
MPRegen 0.08/turn               (no ring)

@: confused, mighty, hasted, very quick
A: horns 2, retaliatory headbutt
a: no special abilities


You were on level 2 of the Dungeon.
You visited 1 branch of the dungeon, and saw 2 of its levels.

You collected 63 gold pieces.

Inventory:

Hand Weapons
 a - a +0 long sword (weapon)
Armour
 c - a +0 buckler (worn)
 j - a +0 chain mail (worn)
Scrolls
 g - a scroll of identify {unknown}
Potions
 e - a potion of flight {unknown}
 f - a potion of berserk rage {unknown}
 h - a potion of curing {unknown}
 i - a potion of invisibility {unknown}


   Skills:
 + Level 4.1 Fighting
 + Level 3.1 Long Blades
 + Level 4.0 Armour
 + Level 4.1 Shields


You had 2 spell levels left.
You didn't know any spells.
Your spell library was empty.

Dungeon Overview and Level Annotations

Branches:
Dungeon (2/15)

Altars:

Annotations:
D:2 Sigmund


Innate Abilities, Weirdness & Mutations

You have a pair of horns on your head.
You reflexively headbutt those who attack you in melee.


Message History

You bump into the rock wall.
Sigmund hits you but does no damage.
You feel very mighty all of a sudden. Sigmund gestures at you while chanting.
You are more confused.
Sigmund points at you and mumbles some strange words.
You are more confused.
Sigmund attacks as you move away! Sigmund hits you but does no damage.
Sigmund hits you with a +0 scythe. Sigmund barely misses you.
You bump into the rock wall.
Sigmund hits you but does no damage.
You bump into the rock wall.
Sigmund hits you from afar with a +0 scythe.
You slash Sigmund!
Sigmund is moderately wounded.
Sigmund hits you with a +0 scythe.
You miss Sigmund. Your headbutt misses Sigmund.
Sigmund is moderately wounded.
Sigmund closely misses you.
You bump into the rock wall.
Sigmund barely misses you.
You bump into the rock wall.
Sigmund hits you with a +0 scythe.
You bump into the rock wall.
You barely miss Sigmund.
Sigmund is moderately wounded.
Sigmund points at you and mumbles some strange words.
You are more confused.
You closely miss Sigmund.
Sigmund is moderately wounded.
Sigmund hits you with a +0 scythe!
You bump into the rock wall.
Sigmund barely misses you.
You closely miss Sigmund.
Sigmund is moderately wounded.
Sigmund gestures at you while chanting. The puff of flame hits you.
* * * LOW HITPOINT WARNING * * *
It was a potion of haste.
You feel yourself speed up. Sigmund hits you with a +0 scythe.
* * * LOW HITPOINT WARNING * * *
Sigmund hits you from afar with a +0 scythe.
You die...

*** *<** **## *,,* *..#
*,,** *##..*** *,,,****
##...,,,* **,,,,,###*
#..#***,*** * *,***,,..**
##@#* *,,>* * *,*
****..*##..# ***,* *** *,*
*#.*#@.## *,****,, *,*
#..#.## *,,,,,,* *,*
*#.#.#### **,,,*** *,*
#....!.#* **,*,** *,*
###.##..#***#,,*,,* *,***
##.#**.##...,***,** *,,,*
#####..###....#**,,,,,*
***,*
#......†...###***,,,#,*
*,*##......###....#,,,,,#.*


You could see Sigmund.

Vanquished Creatures
  A ball python (D:2)
  4 endoplasms (D:1)
  A goblin (D:1)
  4 hobgoblins (D:1)
  8 jackals (D:1)
  3 quokkas (D:1)
  3 bats
  5 rats (D:1)
29 creatures vanquished.

Notes
Turn   | Place    | Note
-------+----------+-------------------------------------------
     0 | D:1      | lonewolfV2 the Minotaur Fighter began the quest for the
                  | Orb.
     0 | D:1      | Reached XP level 1. HP: 19/19 MP: 0/0
   115 | D:1      | Reached XP level 2. HP: 19/27 MP: 1/1
   885 | D:1      | Found a faded altar of an unknown god.
   888 | D:1      | Reached XP level 3. HP: 33/33 MP: 2/2
  1065 | D:2      | Noticed Sigmund
  1092 | D:2      | HP: 1/33 [Sigmund/+0 scythe (5)]
  1094 | D:2      | Slain by Sigmund

Illustrated notes

Levels and vault maps discovered:
D:1:      mushboom_english_gardens, layout_loops_ring,
          ebering_ecumenical_altar_petrified, nrook_uturn
D:2:      layout_rooms, basic_altar, uniq_robin, uniq_sigmund, uniq_jessica

Skill      XL: |  1  2 |
---------------+-------+-----
Shields        | 4 |  4.1
Fighting       | 4 |  4.1
Armour         | 4 |  4.0
Long Blades    | 3 |  3.1

Action                   || total
-------------------------++-------
Melee: Long sword        ||    66
       Headbutt          ||     4
  Use: Scroll            ||     2
       Potion            ||     2
Armor: Scale mail        ||    23
       Chain mail        ||    23
Dodge: Dodged            ||    54
Block: Buckler           ||    21
